 Dungeon Crawl Stone Soup version 0.28.0-45-g0d030f2227 (webtiles) character file.

Game seed: 116898650156814224

151 CryoSword the Sneak (level 5, -1/25 HPs)
             Began as a Vine Stalker Enchanter on Apr 1, 2022.
             Killed by divine providence
             ... invoked by an orc priest
              (14 damage)
             ... on level 3 of the Dungeon.
             The game lasted 00:05:31 (4145 turns).

CryoSword the Sneak (Vine Stalker Enchanter)        Turns: 4145, Time: 00:05:31

Health: -1/25      AC:  2    Str: 11    XL:     5   Next: 33%
Magic:  0/10       EV: 12    Int: 17    God:
Gold:   99         SH:  0    Dex: 14    Spells: 4/9 levels left

rFire   . . .      SeeInvis .   a - +1 dagger
rCold   . . .      Faith    .   (no shield)
rNeg    . . .      Spirit   +   b - +0 robe
rPois   .          Reflect  .   (no helmet)
rElec   .          Harm     .   (no cloak)
rCorr   .          Rampage  .   (no gloves)
Will    .....                   (no boots)
Stlth   +++.......              (no amulet)
HPRegen 0.88/turn               (no ring)
MPRegen 0.12/turn               (no ring)

@: no status effects
A: fangs 2, regeneration 1, magic shield, antimagic bite, no potion heal 2
a: no special abilities


You were on level 3 of the Dungeon.
You visited 1 branch of the dungeon, and saw 3 of its levels.

You collected 99 gold pieces.

Inventory:

Hand Weapons
 a - a +1 dagger (weapon)
 h - a +2 vorpal mace
   (You found it on level 2 of the Dungeon)
 l - a +0 rapier
   (You found it on level 3 of the Dungeon)
Missiles
 m - 7 poisoned darts (quivered)
Armour
 b - a +0 robe (worn)
Scrolls
 e - a scroll of teleportation {@r4}
 j - a scroll of holy word {unknown}
 o - a scroll of noise {unknown}
 p - a scroll of fog {unknown}
 q - a scroll of enchant weapon {unknown}
Potions
 c - a potion of invisibility
 d - a potion of haste {unknown}
 f - 2 potions of cancellation {unknown}
 g - a potion of attraction {unknown}
 i - a potion of heal wounds {unknown}
 k - a potion of curing {unknown}
 n - 2 potions of degeneration {unknown}


   Skills:
 + Level 1.1 Fighting
 * Level 2.4 Short Blades
 - Level 1.5 Dodging
 + Level 4.2 Stealth
 + Level 2.9 Spellcasting
 * Level 4.1 Hexes


You had 4 spell levels left.
You knew the following spells:

 Your Spells              Type           Power      Damage    Failure   Level
a - Ensorcelled Hibernat  Hex/Ice        18%        N/A       12%         2
b - Confusing Touch       Hex            16%        N/A       10%         3

Your spell library contained the following spells:

 Spells                   Type           Power      Damage    Failure   Level
 Tukima's Dance           Hex            16%        N/A       10%         3
 Dazzling Flash           Conj/Hex       18%        N/A       22%         3
 Blink                    Tloc           4%         N/A       26%         2
 Sublimation of Blood     Necr           2%         N/A       26%         2
 Lesser Beckoning         Tloc           2%         N/A       47%         3
 Petrify                  Tmut/Erth      2%         N/A       87%         4
 Irradiate                Conj/Tmut      1%         3d14      99%         5
 Manifold Assault         Tloc           2%         N/A       99%         5


Dungeon Overview and Level Annotations

Branches:
Dungeon (3/15)

Altars:


Innate Abilities, Weirdness & Mutations

You have extremely sharp teeth.
Your natural rate of healing is unusually fast.
When hurt, damage is shared between your health and your magic reserves.
Your bite disrupts and absorbs the magic of your enemies.
Potions cannot restore your health.


Message History

You now have 80 gold pieces (gained 14).
You see here a rat corpse.
p - a scroll labelled CYHETZ DAWE
q - a scroll labelled XAUT DAD JOVVISAT
Found a robe.
Found a dagger.
You see here a +0 robe.
n - 2 brown potions (gained 1)
You see here a +0 dagger.
Found a spear.
A gnoll comes into view. It is wielding a +0 halberd.
A gnoll comes into view. It is wielding a +0 spear.
The gnoll shouts!
A gnoll comes into view. It is wielding a +0 club.
Found 19 gold pieces.
The gnoll shouts!
You hear a shout!
The hound skeleton bites you.
Okay, then.
The hound skeleton bites you but does no damage.
The hound skeleton closely misses you. The hound skeleton misses you.
The hound skeleton bites you.
You see here a +0 short sword.
The hound skeleton barely misses you. The hound skeleton bites you.
The hound skeleton barely misses you.
You see here an iguana skeleton.
The hound skeleton closely misses you. The hound skeleton barely misses you.
You barely miss the hound skeleton. The hound skeleton bites you.
You hit the hound skeleton but do no damage.
You punch the hound skeleton. The hound skeleton bites you.
The hound skeleton bites you.
Aim: a gnoll, wielding a +0 spear (chance to affect: 51%)
The gnoll resists with some effort.
Aim: a gnoll, wielding a +0 spear (chance to affect: 51%)
The gnoll looks drowsy...
The helpless gnoll fails to defend itself.
You puncture the gnoll!
You kill the gnoll!
You hit the hound skeleton. You bite the hound skeleton. You drain its power.
You feel invigorated. The hound skeleton bites you.
The hound skeleton barely misses you.
You barely miss the hound skeleton. The hound skeleton barely misses you.
You completely miss the hound skeleton. You bite the hound skeleton.
You drain its power.
You feel invigorated. The hound skeleton closely misses you.
You barely miss the hound skeleton. Your bite misses the hound skeleton.
The hound skeleton barely misses you.
You hit the hound skeleton. You bite the hound skeleton. You drain its power.
You feel invigorated. The hound skeleton barely misses you.
You hit the hound skeleton. The hound skeleton bites you.
You hit the hound skeleton.
You destroy the hound skeleton!
You see here a +0 spear.
You see here an iguana skeleton.
There is a stone staircase leading down here.
A gnoll is nearby!
A gnoll is nearby!
Aim: a gnoll, wielding a +0 club (chance to affect: 51%)
You miscast Ensorcelled Hibernation.
You are very lightly contaminated with residual magic.
Nothing appears to happen.
Aim: a gnoll, wielding a +0 club (chance to affect: 51%)
The gnoll resists with some effort.
Aim: a gnoll, wielding a +0 club (chance to affect: 51%)
The gnoll resists with some effort.
Aim: a gnoll, wielding a +0 club (chance to affect: 51%)
The gnoll looks drowsy...
The helpless gnoll fails to defend itself.
You impale the gnoll!!
You kill the gnoll!
Your magical contamination has completely faded away.
Things that are here:
a +0 club; a gnoll corpse You now have 99 gold pieces (gained 19).
Found 21 bolts.
A hobgoblin comes into view.
A hobgoblin is nearby!
A hobgoblin is nearby!
Aim: a hobgoblin (chance to affect: 61%)
You miscast Ensorcelled Hibernation.
You are very lightly contaminated with residual magic.
Nothing appears to happen.
The hobgoblin barely misses you.
Aim: a hobgoblin (chance to affect: 61%)
The hobgoblin looks drowsy...
The helpless hobgoblin fails to defend itself.
You impale the hobgoblin!!
You kill the hobgoblin!
Your magical contamination has completely faded away.
You see here a hobgoblin corpse.
You see here a hobgoblin corpse.
A bat comes into view.
Found a stone staircase leading up.
A bat is nearby!
A bat is nearby!
Found 9 stones.
The bat misses you. x2
You closely miss the bat. Your bite misses the bat. The bat barely misses you.
Aim: a bat (chance to affect: 61%)
You miscast Ensorcelled Hibernation.
You are very lightly contaminated with residual magic.
Nothing appears to happen.
The bat closely misses you.
Aim: a bat (chance to affect: 61%)
The bat resists with significant effort.
The bat hits you. The bat closely misses you.
Unknown command.
Aim: a bat (chance to affect: 61%)
The bat resists with significant effort.
The bat hits you. The bat closely misses you.
The bat hits you but does no damage.
You miss the bat. Your bite misses the bat.
The bat hits you but does no damage.
Unknown command.
Aim: a bat (chance to affect: 61%)
The bat looks drowsy...
The helpless bat fails to defend itself.
You impale the bat!!
You kill the bat!
Your magical contamination has completely faded away.
You see here 9 stones.
An orc priest comes into view. It is wielding a +0 whip.
An orc priest is nearby!
An orc priest is nearby!
The orc priest shouts!
You hear a shout!
The orc priest begins to cast a cantrip, but forgets the words!
The orc priest looks satisfied for a moment.
Aim: an orc priest, wielding a +0 whip and wearing a +0 chain mail (chance to affect: 43%)
The orc priest looks drowsy...
The orc shouts!
The orc hits you from afar with a +0 trident.
The orc barely misses you.
The orc priest shouts!
You hit the orc priest but do no damage.
Your bite misses the orc priest. The orc misses you.
The orc priest calls down the wrath of Beogh upon you.
Pain shoots through your body!
The orc hits you with a +1 mace of protection.
The orc priest invokes the aid of Beogh against you.
Pain shoots through your body!
* * * LOW HITPOINT WARNING * * *
The orc priest miscasts a cantrip.
The orc priest miscasts a cantrip.
The orc priest calls down the wrath of Beogh upon you.
Beogh smites you!
* * * LOW HITPOINT WARNING * * *
The orc priest calls down the wrath of Beogh upon you.
Beogh smites you!
Ouch! That really hurt!
You die...

#.### ###..##.# #.#
#.....# #.# ##.#..#
#.# #....# #.#######
###.## #.......#
#..... #..####.#
######.#.#.
#....##.####o.......#.
##.#<@.o...o#.###.##..
#.####.####.## #.##..
#....(.# ### #.##..
######## #..... ####.#
#.. ###


You could see an orc priest and 2 orcs.

Vanquished Creatures
  An iguana (D:3)
  An orc wizard (D:3)
  A hound skeleton (D:3)
  An adder (D:2)
  2 gnolls (D:3)
  2 worms
  A dart slug (D:1)
  3 orcs (D:3)
  2 ball pythons (D:1)
  9 bats
  3 endoplasms
  2 giant cockroaches
  5 goblins
  4 hobgoblins
  A quokka (D:2)
  3 frilled lizards (D:2)
  7 kobolds
  5 rats
53 creatures vanquished.

Notes
Turn   | Place    | Note
-------+----------+-------------------------------------------
     0 | D:1      | CryoSword the Vine Stalker Enchanter began the quest for
                  | the Orb.
     0 | D:1      | Reached XP level 1. HP: 9/9 MP: 4/4
    68 | D:1      | Reached skill level 1 in Short Blades
   377 | D:1      | Reached XP level 2. HP: 9/13 MP: 6/6
   380 | D:1      | Learned a level 2 spell: Ensorcelled Hibernation
   543 | D:1      | Found a faded altar of an unknown god.
  1776 | D:2      | Reached XP level 3. HP: 16/17 MP: 5/7
  2062 | D:2      | Learned a level 3 spell: Confusing Touch
  3150 | D:3      | Gained mutation: Your natural rate of healing is unusually
                  | fast. [Vine Stalker growth]
  3150 | D:3      | Reached XP level 4. HP: 21/21 MP: 5/9
  3619 | D:3      | Reached skill level 1 in Fighting
  3619 | D:3      | Reached XP level 5. HP: 19/25 MP: 0/10
  4145 | D:3      | Killed from afar by an orc priest

Illustrated notes

Levels and vault maps discovered:
D:1:      arrival_zaba_pyramid, layout_basic, ebering_ecumenical_altar_ruins
D:2:      layout_basic, kennysheep_small_spiral
D:3:      layout_loops_cross, minmay_misc_feat_four_crosses

Skill      XL: |  1  2  3  4 |
---------------+-------------+-----
Short Blades   | 1 2 |  2.4
Stealth        | 4 |  4.2
Fighting       | 1 |  1.1
Hexes          | 4 |  4.1
Dodging        | |  1.5
Spellcasting   | |  2.9

Action                   |  1- 3 |  4- 6 || total
-------------------------+-------+-------++-------
Melee: Dagger            |    78 |    37 ||   115
       Bite              |    21 |     7 ||    28
       Punch             |     4 |     1 ||     5
       Mace              |     7 |       ||     7
 Cast: Ensorcelled Hiber |    25 |    27 ||    52
  Use: Scroll            |     1 |       ||     1
 Stab: Sleeping          |    17 |    10 ||    27
       Distracted        |     1 |       ||     1
Armor: Robe              |    19 |    20 ||    39
Dodge: Dodged            |    55 |    77 ||   132
